 Dungeon Crawl Stone Soup version 0.30-a0-1085-g990a428a5c (webtiles) character file.

Game seed: 4953973128930375602

1439 bande the Chopper (level 8, -5/49 HPs)
             Began as a Gargoyle Fighter on Apr 17, 2023.
             Was a Believer of Okawaru.
             Slain by a gnoll
             ... wielding a +2 halberd of freezing
             ... led by a gnoll bouda
              (10 damage)
             ... on level 7 of the Dungeon.
             The game lasted 00:08:21 (4384 turns).

bande the Chopper (Gargoyle Fighter)                Turns: 4384, Time: 00:08:21

Health: -5/49      AC: 29    Str: 20    XL:     8   Next: 74%
Magic:  10/10      EV:  7    Int:  9    God:    Okawaru [**....]
Gold:   236        SH:  5    Dex: 11    Spells: 7/7 levels left

rFire   . . .      SeeInvis .    a - +1 war axe (protect)
rCold   . . .      Faith    .    c - +0 buckler
rNeg    + . .      Spirit   .    s - +0 chain mail
rPois   ∞          Reflect  .    (no helmet)
rElec   +          Rampage  .    m - +0 cloak
rCorr   .                        (no gloves)
Will    +....                    j - +0 pair of boots Stlth
                                 (no amulet)
HPRegen 0.28/turn                i - +4 ring of protection
MPRegen 0.12/turn                l - ring of willpower

@: under a protective aura
A: sickness immunity, AC +5, negative energy resistance 1, electricity
resistance, torment resistance 1, petrification resistance
a: Renounce Religion, Heroism


You were on level 7 of the Dungeon.
You worshipped Okawaru.
Okawaru was pleased with you.
You visited 2 branches of the dungeon, and saw 8 of its levels.

You collected 340 gold pieces.
You spent 104 gold pieces at shops.

Inventory:

Hand Weapons
 a - a +1 war axe of protection (weapon)
 d - a +0 flail
Missiles
 x - a throwing net (quivered)
Armour
 c - a +0 buckler (worn)
 j - a +0 pair of boots (worn)
 m - a +0 cloak (worn)
 s - a +0 chain mail (worn)
Jewellery
 i - a +4 ring of protection (left hand)
 l - a ring of willpower (right hand)
 o - a ring of protection from cold
 p - a +6 ring of strength
 q - a ring of resist corrosion
 t - a ring of protection from fire
 w - a ring of flight
 z - a +4 ring of protection
Scrolls
 n - 3 scrolls of teleportation
 v - a scroll of enchant weapon
 y - a scroll of blinking {unknown}
Potions
 b - 2 potions of ambrosia {unknown}
 e - 2 potions of flight
 f - a potion of haste {unknown}
 g - a potion of cancellation {unknown}
 h - a potion of heal wounds
 k - 3 potions of curing
 r - a potion of berserk rage {unknown}
 u - 2 potions of mutation {unknown}


   Skills:
 + Level 5.2 Fighting
 + Level 6.9 Axes
 + Level 5.5 Armour
 + Level 5.0 Shields
 * Level 3.8 Invocations


You had 7 spell levels left.
You didn't know any spells.
Your spell library contained the following spells:

 Spells                   Type           Power      Damage    Failure   Level
 Freeze                   Ice            0%         1d3       98%         1
 Kiss of Death            Conj/Necr      0%         2d5       98%         1
 Ensorcelled Hibernation  Hex/Ice        0%         N/A       99%         2
 Passwall                 Tmut/Erth      0%         N/A       99%         2
 Confusing Touch          Hex            0%         N/A       100%        3
 Frozen Ramparts          Ice            0%         1d1       100%        3
 Hailstorm                Conj/Ice       0%         3d3       100%        3
 Swiftness                Air            0%         N/A       100%        3
 Dispel Undead            Necr           0%         3d6       100%        4
 Passage of Golubria      Tloc           0%         N/A       100%        4
 Yara's Violent Unravell  Hex/Tmut       0%         3d3       100%        5
 Tukima's Dance           Hex            Unusable   N/A       N/A         3

Dungeon Overview and Level Annotations

Branches:
Dungeon (7/15)             Temple (1/1) D:4

Altars:
Cheibriados
Dithmenos
Elyvilon
Fedhas
Makhleb
Nemelex Xobeh
Okawaru
Ru
Sif Muna
Trog
Uskayaw
Vehumet
Xom
Yredelemnul
Zin
The Shining One

Shops:
D:1 *


Innate Abilities, Weirdness & Mutations

You are immune to sickness and miasma.
Your stone body is resilient. (AC +5)
You are immune to poison.
You resist negative energy. (rN+)
You are resistant to electric shocks. (rElec)
You are resistant to unholy torment.
You are immune to petrification.


Message History

The gnoll hits you but does no damage.
You slash the orc warrior!
The orc warrior is moderately wounded.
You closely miss the gnoll.
The orc warrior hits you but does no damage.
The gnoll barely misses you.
You hit the orc warrior but do no damage.
The orc warrior is moderately wounded.
You hit the gnoll. You hit the orc. You slash the orc wizard!
The orc wizard hits you but does no damage.
The orc hits you but does no damage.
The orc warrior hits you but does no damage.
The gnoll barely misses you.
You barely miss the orc warrior.
The orc warrior is moderately wounded.
You slash the orc!
You kill the orc!
Okawaru accepts your kill.
You hit the orc wizard. You hit the gnoll but do no damage.
The orc wizard hits you with a +0 dagger.
* * * LOW HITPOINT WARNING * * *
The orc warrior barely misses you. The gnoll hits you but does no damage.
The orc warrior barely misses you.
The orc wizard hits you but does no damage.
You barely miss the orc warrior.
The orc warrior is moderately wounded.
You miss the orc wizard. You hit the gnoll but do no damage.
The gnoll hits you but does no damage.
The orc wizard mumbles some strange words.
The orc wizard flickers and vanishes!
Deactivating autopickup; reactivate with Ctrl-A.
The orc warrior hits you with a +0 halberd.
* * * LOW HITPOINT WARNING * * *
You block the gnoll's attack.
You hit the orc warrior.
The orc warrior is heavily wounded.
You closely miss something. You slash the gnoll!
Something hits you but does no damage. The orc warrior barely misses you.
The gnoll hits you with a +2 halberd of freezing!
You die...

.#.# .#.# # ...# .# ...#
#############.## ...#..
................
...#....................
##.#.#...............##.
#.#.#....##.#..o).#....
#.#.#.....#.#)g@{......
#.#.........)))...#....
#.#.........#.#####.. .
#..<.........(......#
##.............#######
#......)..............
.....))..........#####
.....................
.....................<


You could see an orc warrior and a gnoll.

Vanquished Creatures
  Sigmund (D:5)
  A black bear (D:6)
  2 centaurs
  2 phantoms
  Blork the orc (D:6)
  A kobold brigand (D:7)
  A bullfrog (D:6)
  2 scorpions (D:4)
  A howler monkey (D:5)
  Crazy Yiuf (D:3)
  2 orc priests
  A hound (D:5)
  A gnoll bouda (D:7)
  5 iguanas
  2 orc wizards (D:6)
  7 gnolls
  7 adders
  A worm (D:4)
  2 dart slugs
  11 orcs
  5 endoplasms
  2 giant cockroaches
  6 hobgoblins
  9 kobolds
  3 quokkas
  9 ball pythons
  4 bats
  A frilled lizard (D:3)
  6 goblins
  2 rats
99 creatures vanquished.

Vanquished Creatures (others)
  A fungus (D:3)
1 creature vanquished.

Grand Total: 100 creatures vanquished

Notes
Turn   | Place    | Note
-------+----------+-------------------------------------------
     0 | D:1      | bande the Gargoyle Fighter began the quest for the Orb.
     0 | D:1      | Reached XP level 1. HP: 14/14 MP: 1/1
     3 | D:1      | Noticed an electric eel
     4 | D:1      | Noticed an electric eel
    79 | D:1      | Reached skill level 2 in Axes
    89 | D:1      | Reached XP level 2. HP: 19/19 MP: 2/2
   279 | D:1      | Found Keuwnueb's General Store.
   704 | D:2      | Reached XP level 3. HP: 23/23 MP: 3/3
   798 | D:2      | Reached XP level 4. HP: 28/28 MP: 4/4
   805 | D:2      | Reached skill level 3 in Axes
  1431 | D:1      | Bought a scroll of brand weapon for 104 gold pieces
  1476 | D:3      | Reached XP level 5. HP: 28/33 MP: 5/5
  1761 | D:3      | Found a runed translucent door.
  1762 | D:3      | Noticed Crazy Yiuf
  1903 | D:3      | Found a faded altar of an unknown god.
  1975 | D:3      | Killed Crazy Yiuf
  2191 | D:4      | Reached skill level 4 in Axes
  2191 | D:4      | Reached XP level 6. HP: 36/38 MP: 6/6
  2323 | D:4      | Found a staircase to the Ecumenical Temple.
  2343 | Temple   | Entered the Ecumenical Temple
  2377 | Temple   | Became a worshipper of Warmaster Okawaru
  2970 | D:5      | Entered Level 5 of the Dungeon
  2999 | D:5      | Noticed Sigmund
  3011 | D:5      | Killed Sigmund
  3012 | D:5      | Reached skill level 5 in Axes
  3012 | D:5      | Reached skill level 1 in Invocations
  3012 | D:5      | Reached XP level 7. HP: 23/44 MP: 6/8
  3169 | D:5      | Identified the +0 ring mail of Itijur {rF+}
  3253 | D:5      | Reached skill level 5 in Armour
  3254 | D:5      | Reached * piety under Okawaru
  3702 | D:6      | Noticed Blork the orc
  3710 | D:6      | Killed Blork the orc
  3711 | D:6      | Reached skill level 6 in Axes
  3711 | D:6      | Reached XP level 8. HP: 45/48 MP: 8/10
  4224 | D:7      | Reached skill level 5 in Fighting
  4339 | D:7      | Reached ** piety under Okawaru
  4340 | D:7      | Reached skill level 5 in Shields
  4384 | D:7      | Slain by a gnoll

Illustrated notes

Levels and vault maps discovered:
D:1:      arrival_aquarium_b, layout_loops_ring, serial_shops, shop
D:2:      layout_rooms
D:3:      layout_basic, dilly_ecumenical_altar_fadedgnrine,
          nicolae_figureground_sparkle, uniq_crazy_yiuf_cottage
D:4:      layout_loops_corners, minmay_temple_entry_glassed_door
D:5:      layout_cave_pools, minivault_25, uniq_sigmund
D:6:      layout_basic, uniq_blork_the_orc
D:7:      layout_basic
Temple:   nicolae_temple_bog_church

Skill      XL: |  1  2  3  4  5  6  7  8 |
---------------+-------------------------+-----
Axes           | 2 3 4 5 6 |  6.9
Armour         | 4 5 |  5.5
Shields        | 4 5 |  5.0
Fighting       | 4 5 |  5.2
Invocations    | 1 2 3 |  3.8

Action                     |  1- 3 |  4- 6 |  7- 9 || total
---------------------------+-------+-------+-------++-------
  Melee: War axe           |    71 |   180 |   129 ||   380
    Use: Scroll            |     3 |     4 |     8 ||    15
         Potion            |       |     1 |     2 ||     3
 Armour: Scale mail        |    37 |   118 |       ||   155
         Chain mail        |       |    28 |   181 ||   209
  Dodge: Dodged            |    37 |    70 |    81 ||   188
  Block: Buckler           |    14 |    52 |    53 ||   119

Table legend: (Time is in decaauts)
 A = Elapsed time spent in this place.
 B = Non-inter-level travel time spent in this place.
 C = Inter-level travel time spent in this place.
 D = Time resting spent in this place.
 E = Time spent auto-exploring this place.
 F = Levels seen in this place.
 G = Mean time per level.
                   A        B        C        D        E       F      G
               +--------+--------+--------+--------+--------+-----+--------+
         Total |   4509 |   4276 |    233 |    189 |   3027 |   8 |  563.6 |
       Dungeon |   4450 |   4239 |    211 |    189 |   3022 |   7 |  635.7 |
        Temple |     58 |     36 |     22 |      0 |      5 |   1 |   58.0 |
               +--------+--------+--------+--------+--------+-----+--------+

Top non-repeatable levels by time:
     D:4: 881 daAuts
     D:3: 847 daAuts
     D:5: 698 daAuts
     D:1: 652 daAuts
     D:2: 621 daAuts
     D:6: 570 daAuts
     D:7: 178 daAuts
  Temple: 58 daAuts
